dweller, neutral female gnomish Ranger @ A A @ V @ @A - A @ g@ @ -A AA A D @ A AAD@ @ A @ @AV @ @@@@ @ DAV @ -@- A @ A&w------- @ @ A ..w.....%| A @ @ @ -----.@@- && |....- AA @A ---.. A .w@ @ @ AD dweller the Archer Experience level: 24 Strength: 18/19 Dexterity: 23 Constitution: 18 Intelligence: 18 Wisdom: 18 Charisma: 11 Health: 0(245) Energy: 164(164) Def: 49 Gold: 0 Moves: 76482 Dungeon seed: 3zbAooPpcaWHDpAu Game ID: dweller_1539591407 Your Inventory: Amulets E - the Amulet of Yendor named true Weapons b - a blessed +6 silver spear (weapon in hand) J - 41 blessed +6 elven arrows (in quiver) O - the blessed rustproof +2 Magicbane Q - 3 blessed +0 arrows U - the blessed +7 Longbow of Diana Armor e - a blessed fireproof +5 cloak of displacement (being worn) k - a blessed +4 shield of reflection (being worn) m - a blessed fireproof +4 Hawaiian shirt (being worn) y - a blessed +4 gray dragon scale mail (being worn) F - a blessed fireproof +5 pair of gauntlets of dexterity (being worn) N - a blessed fireproof +6 elven leather helm (being worn) Y - an uncursed fireproof +4 pair of jumping boots (being worn) Comestibles h - an uncursed lizard corpse o - 4 uncursed lumps of royal jelly A - an uncursed eucalyptus leaf K - a blessed cockatrice corpse Scrolls W - a cursed scroll of create monster Potions s - an uncursed potion of healing C - a potion of holy water Rings a - a cursed ring of conflict d - a cursed ring of slow digestion named slow (?) (on right hand) g - an uncursed ring of levitation u - a cursed ring of teleport control v - an uncursed very rusty ring of sustain ability (on left hand) Wands i - a wand of death (2:6) p - a wand of teleportation (0:2) r - a wand of cancellation (0:6) L - a wand of wishing (1:1) T - a wand of digging (0:3) V - a cursed wand of death (0:4) X - a fireproof wand of teleportation (0:2) Tools f - an uncursed magic whistle j - an uncursed magic lamp n - a magic marker (0:82) t - a blessed bag of holding x - an uncursed towel B - a blessed +0 unicorn horn I - an uncursed stethoscope M - an uncursed stethoscope Gems z - an uncursed luckstone Contents of the bag of holding: an uncursed amulet of life saving an uncursed amulet of life saving an uncursed amulet of life saving an uncursed amulet of magical breathing 104 blessed +6 arrows 4 blessed +1 arrows 4 blessed +0 arrows 8 blessed +0 arrows 6 +0 silver arrows 8 +0 ya an uncursed -2 pair of levitation boots an uncursed +0 pair of speed boots 11 uncursed K-rations 4 uncursed food rations 2 uncursed fortune cookies 6 uncursed lembas wafers a cursed lembas wafer an uncursed lizard corpse 3 uncursed pears 9 uncursed slime molds 7 blessed scrolls of blank paper 3 uncursed scrolls of blank paper 2 blessed scrolls of confuse monster 3 cursed scrolls of create monster an uncursed scroll of earth 2 uncursed scrolls of enchant armor 4 blessed scrolls of enchant weapon a blessed scroll of remove curse an uncursed scroll of remove curse 5 uncursed scrolls of scare monster an uncursed diluted potion of gain energy 3 blessed potions of extra healing an uncursed potion of extra healing a cursed potion of extra healing 5 uncursed potions of full healing a cursed potion of full healing an uncursed potion of gain energy 3 potions of holy water named blessed 5 uncursed potions of paralysis 2 blessed potions of restore ability an uncursed ring of conflict an uncursed ring of conflict an uncursed ring of fire resistance an uncursed very rusty +3 ring of gain strength a blessed +3 ring of increase damage an uncursed +1 ring of increase damage a cursed -1 ring of increase damage an uncursed ring of levitation a blessed ring of polymorph an uncursed ring of polymorph control an uncursed ring of polymorph control an uncursed +3 ring of protection an uncursed +2 ring of protection an uncursed ring of protection from shape changers an uncursed ring of regeneration a cursed ring of regeneration a cursed ring of searching an uncursed ring of shock resistance an uncursed ring of slow digestion an uncursed rusty ring of sustain ability an uncursed ring of teleport control a cursed ring of teleportation an uncursed ring of warning a blessed wand of cold (0:7) a wand of cold (0:6) a wand of cold (0:3) a wand of cold (0:3) a wand of cold (0:1) a wand of create monster (0:12) a wand of digging (0:8) a wand of digging (0:6) a wand of digging (0:5) a very rusty wand of digging (0:5) a wand of digging (0:3) a wand of digging (0:0) a wand of fire (0:4) a wand of fire (0:2) a wand of lightning (0:6) a wand of lightning (0:5) a wand of lightning (0:5) a wand of lightning (0:4) a wand of lightning (0:2) a wand of magic missile (0:7) a wand of magic missile (0:6) a wand of magic missile (0:6) a wand of magic missile (0:5) a wand of magic missile (0:5) a wand of magic missile (0:5) a wand of magic missile (0:4) a wand of magic missile (0:3) a wand of magic missile (0:3) a wand of magic missile (0:3) a cursed wand of magic missile (0:2) a wand of magic missile (0:0) a wand of probing (0:4) a wand of secret door detection (0:8) a wand of sleep (0:7) a wand of sleep (0:6) a wand of sleep (0:6) a wand of slow monster (0:7) a wand of slow monster (0:5) a wand of speed monster (0:4) a wand of speed monster (0:1) a wand of striking (0:7) a blessed wand of striking (0:5) a wand of striking (0:0) a wand of teleportation (0:6) a wand of teleportation (0:4) a wand of teleportation (0:4) a cursed wand of teleportation (0:3) a horn of plenty (0:9) a magic marker (1:14) a magic marker (1:7) 4 uncursed agate stones 3 uncursed amethyst stones an uncursed diamond 3 uncursed emeralds an uncursed jacinth stone 7 uncursed jasper stones 7 uncursed obsidian stones 5 uncursed opals 2 uncursed rubies 2 uncursed topaz stones Spells and supernatural/magical abilities: Name Level Category Fail Memory a - force bolt 1* attack 91% 0% d - dig 5* matter 100% 0% h - healing 1* healing 97% 0% i - invisibility 4 escape 92% 46% j - jumping 1 escape 91% 2% k - knock 1* matter 91% 0% l - light 1* divination 91% 0% m - magic missile 2 attack 91% 47% n - detect monsters 1* divination 91% 0% p - protection 1* clerical 91% 0% u - confuse monster 2* enchantment 91% 0% v - clairvoyance 3* divination 93% 0% w - wizard lock 2* matter 91% 0% z - sleep 1* enchantment 91% 0% B - cure blindness 2* healing 97% 0% E - detect food 2* divination 91% 0% G - detect treasure 4* divination 100% 0% H - haste self 3* escape 93% 0% K - cure sickness 3* healing 99% 0% L - levitation 4* escape 100% 0% O - create monster 2* clerical 91% 0% R - restore ability 4* healing 100% 0% U - detect unseen 3 divination 93% 46% V - teleportitis -- ability ? -- W - pray for help -- divine ? -- Y - supernatural jump -- ability ? -- Your skills at the end: Fighting Skills Weapon Skills dagger [Expert] spear [Skilled] bow [Expert] crossbow [Basic] Spellcasting Skills Final Attributes: You were piously aligned. You were cold resistant. You were sleep resistant. You were poison resistant. You were magic-protected. You were stunned. You were blinded. You were sick from illness. You saw invisible. You were telepathic. You had automatic searching. You were clairvoyant. You had infravision. You were invisible to others. You were displaced. You were stealthy. You aggravated monsters. You could jump. You could teleport. You had slower digestion. You were protected. You were fast. You had reflection. You had fixed abilities. You were extremely lucky. You had extra luck. Bad luck did not time out for you. Good luck did not time out for you. You are dead (2nd time!). Vanquished creatures: Orcus Juiblex The Wizard of Yendor (5 times) Pestilence an arch-lich a high priest Medusa 12 krakens 4 iron golems a master lich 3 storm giants a titan 3 glass golems 3 balrogs 11 purple worms 2 gray dragons 4 silver dragons a red dragon 6 white dragons an orange dragon 4 black dragons 6 blue dragons 3 green dragons 2 yellow dragons 25 minotaurs 2 jabberwocks Scorpius 4 baluchitheria 2 Angels a demilich Vlad the Impaler 10 stone golems 5 master mind flayers 8 Olog-hai 4 Nazgul 9 pit fiends 5 sandestins 8 hell hounds 8 titanotheres 4 trappers a baby gray dragon a baby red dragon a baby black dragon a baby green dragon a baby yellow dragon 2 guardian nagas a disenchanter 24 vampire lords 5 shades 5 skeletons a shopkeeper 17 aligned priests 6 captains 4 liches 5 clay golems 9 nurses 12 ice devils 9 nalfeshnees 8 lurkers above 4 frost giants 8 ettins 5 golden nagas 6 black puddings 33 vampires 35 ghosts 3 lieutenants a watch captain a barbarian a caveman a priestess 3 queen bees 4 winged gargoyles 5 mind flayers 11 giant mimics 10 zruties 5 fire giants 16 ogre kings 7 ice trolls 4 rock trolls 5 umber hulks 3 flesh golems 6 Elvenkings 7 doppelgangers 11 hezrous 14 bone devils 11 large mimics 5 wumpuses 3 fire vortices a baby long worm 2 baby purple worms 15 long worms 7 couatls 21 stalkers 8 air elementals a fire elemental 2 earth elementals 6 water elementals 11 hill giants 5 giant mummies 3 black nagas 8 xorns 24 giant zombies 11 elf-lords 7 sergeants 3 water demons 2 barbed devils 14 vrocks 3 salamanders 14 wargs 3 winter wolves 8 hell hound pups 25 small mimics 3 glass piercers 6 warhorses 8 steam vortices 19 xans 7 ettin mummies 14 ogre lords 14 quantum mechanics 32 trolls a sasquatch 2 wood golems an erinys 9 mariliths 4 sharks 9 electric eels 8 gelatinous cubes 4 pyrolisks 4 large dogs 6 freezing spheres 6 flaming spheres 11 shocking spheres 2 large cats a tiger 7 gargoyles 7 tengu 15 ochre jellies 15 leocrottas 4 energy vortices 33 mountain centaurs 10 stone giants 7 elf mummies 4 human mummies 3 red nagas 3 green slimes 8 pit vipers 6 pythons 8 cobras 63 wraiths 3 carnivorous apes 17 ettin zombies 5 leather golems 27 Grey-elves 48 soldiers 3 watchmen 3 horned devils 10 succubi 10 incubi 9 chameleons 4 crocodiles 11 giant beetles 4 quivering blobs 20 cockatrices 7 wolves 11 winter wolf cubs 2 lynxes 6 panthers 21 gremlins 4 spotted jellies 8 leprechauns 5 orc-captains 8 iron piercers 5 mumakil 12 giant spiders 37 scorpions 4 horses 2 ice vortices 10 black lights 15 vampire bats 80 forest centaurs 2 gnome kings 6 orc mummies 2 dwarf mummies 8 ogres 7 brown puddings 8 rust monsters 16 owlbears 17 yetis 8 gold golems a werewolf 15 Green-elves 4 piranhas 12 giant eels 21 lizards 8 hunters 9 chickatrices 3 dogs 2 dingos a housecat 6 jaguars a dwarf lord 8 blue jellies 6 white unicorns a black unicorn 7 dust vortices 12 ravens 11 plains centaurs 5 gnome mummies 8 snakes 2 apes 16 human zombies 5 rope golems 13 Woodland-elves 16 soldier ants 6 fire ants 14 bugbears 2 imps 3 lemures 8 quasits 5 wood nymphs 2 water nymphs 9 mountain nymphs 31 Mordor orcs 27 Uruk-hai 8 orc shamans 4 rock piercers 6 rock moles 5 ponies 5 fog clouds 13 yellow lights 6 shriekers 9 violet fungi 4 gnome lords 8 kobold mummies a red naga hatchling 5 gray oozes 6 barrow wights 14 elf zombies 16 ghouls 6 straw golems 3 paper golems 6 jellyfish 3 baby crocodiles 23 giant ants 6 little dogs 17 floating eyes 5 kittens a dwarf 2 homunculi 3 kobold lords 2 kobold shamans 25 hill orcs 21 rothes 2 rabid rats 7 centipedes 9 giant bats 3 monkeys 26 orc zombies 22 dwarf zombies 7 wererats 3 werejackals 16 iguanas 112 killer bees 3 acid blobs 3 coyotes 3 gas spores 12 hobbits 21 manes 5 large kobolds 14 hobgoblins 3 giant rats 19 cave spiders 3 brown molds 5 yellow molds a green mold 6 red molds 11 gnomes 25 garter snakes 17 gnome zombies 12 geckos 9 jackals 4 foxes 4 kobolds 3 goblins 6 sewer rats 19 grid bugs 5 bats 12 lichens 16 kobold zombies 13 newts 2563 creatures vanquished. Genocided species: liches demiliches master liches arch-liches rust monsters disenchanters jellyfish piranhas sharks giant eels electric eels krakens 12 species genocided. Voluntary challenges: You used a wielded weapon 4979 times, starting on turn 77. You read items or engraved 399 times, starting on turn 4628. You genocided 12 types of monsters, starting on turn 56016. You polymorphed 126 items, starting on turn 11715. You never changed form. You used 12 wishes, starting on turn 19145. You wished for your your first artifact on turn 74162. You never split a pudding. You wrote Elbereth's name 38 times, starting on turn 4753. You violated your moral code, losing 193 points of alignment, starting on turn 9431. Dungeon overview: The Dungeons of Doom: levels 1 to 29 Level 1 a fountain stairs to The Elemental Planes Level 2 an altar to Mars Level 3 stairs to The Gnomish Mines Level 4 a weapon shop, an altar to Mercury Level 5 a general store Level 6 a weapon shop Level 7 Level 8 a fountain Level 9 many fountains Level 10 a scroll shop, an altar to Venus, some fountains stairs to Sokoban Level 11 some fountains Level 12 Level 13 a scroll shop Level 14 a temple to Mars Level 15 portal to The Quest Level 16 an altar to Mercury Level 17 Level 18 Level 19 a sink Level 20 Level 21 a temple to Venus Level 22 a temple to Mercury Level 23 Level 24 Level 25 Level 26 Level 27 Level 28 Level 29 Gehennom: levels 30 to 53 Level 30 a temple to Moloch stairs to The Dungeons of Doom Level 31 Level 32 Level 33 some fountains Level 34 Level 35 Level 36 Level 37 Level 38 Level 39 some shops, an altar to Moloch Level 40 Level 41 Level 42 stairs to Vlad's Tower Level 43 Level 44 portal to Gehennom Level 45 Level 46 Level 47 Level 48 portal to Gehennom Level 49 Level 50 Level 51 Level 52 Level 53 The Gnomish Mines: levels 4 to 11 Level 4 stairs to The Dungeons of Doom Level 5 Level 6 many shops, a temple to Venus, some fountains Level 7 Level 8 Level 9 Level 10 Level 11 some fountains The Quest: levels 1 to 6 Level 1 many trees portal to The Dungeons of Doom Level 2 many trees Level 3 Level 4 Level 5 Level 6 Sokoban: levels 6 to 9 Level 6 Level 7 Level 8 Level 9 stairs to The Dungeons of Doom Vlad's Tower: levels 39 to 41 Level 39 a throne Level 40 Level 41 stairs to Gehennom The Elemental Planes: Astral Plane <- You were here Plane 4 portal to The Elemental Planes Plane 3 portal to The Elemental Planes Plane 2 portal to The Elemental Planes Plane 1 portal to The Elemental Planes History has recorded: On T:1 you entered the Dungeons of Doom to retrieve the Amulet of Yendor! On T:40 you reached level 2 of The Dungeons of Doom. On T:511 you reached level 3 of The Dungeons of Doom. On T:764 you reached level 4 of The Dungeons of Doom. On T:1110 you advanced to experience level 2. On T:1262 you reached level 1 of The Gnomish Mines. On T:1325 you advanced to experience level 3. On T:1509 you reached level 5 of The Dungeons of Doom. On T:1784 you advanced to experience level 4. On T:2096 you reached level 2 of The Gnomish Mines. On T:2807 you reached level 3 of The Gnomish Mines. On T:2836 you advanced to experience level 5. On T:3360 you advanced to experience level 6. On T:3773 you reached level 6 of The Dungeons of Doom. On T:5511 you advanced to experience level 7. On T:5579 you reached level 7 of The Dungeons of Doom. On T:5613 you reached level 8 of The Dungeons of Doom. On T:7212 you reached level 9 of The Dungeons of Doom. On T:7900 you advanced to experience level 8. On T:10257 you reached level 10 of The Dungeons of Doom. On T:10350 you reached level 11 of The Dungeons of Doom. On T:11669 you reached level 4 of Sokoban. On T:12193 you reached level 3 of Sokoban. On T:13794 you reached level 2 of Sokoban. On T:14323 you reached level 1 of Sokoban. On T:15294 you advanced to experience level 9. On T:16140 you reached level 12 of The Dungeons of Doom. On T:17051 you reached level 13 of The Dungeons of Doom. On T:17434 you received Cleaver from Venus. On T:18168 you reached level 4 of The Gnomish Mines. On T:19145 you wished for "blessed greased +2 gray dragon scale mail". On T:19510 you reached level 5 of The Gnomish Mines. On T:19582 you reached level 6 of The Gnomish Mines. On T:19799 you reached level 7 of The Gnomish Mines. On T:19913 you reached level 8 of The Gnomish Mines. On T:20762 you advanced to experience level 10. On T:23382 you reached level 14 of The Dungeons of Doom. On T:23416 you reached level 15 of The Dungeons of Doom. On T:25357 you reached level 1 of The Quest. On T:25758 you advanced to experience level 11. On T:26079 you reached level 16 of The Dungeons of Doom. On T:26823 you reached level 17 of The Dungeons of Doom. On T:27271 you reached level 18 of The Dungeons of Doom. On T:27705 you reached level 19 of The Dungeons of Doom. On T:28332 you reached level 20 of The Dungeons of Doom. On T:28590 you reached level 21 of The Dungeons of Doom. On T:28606 you reached level 22 of The Dungeons of Doom. On T:30206 you reached level 23 of The Dungeons of Doom. On T:30344 you advanced to experience level 12. On T:32237 you reached level 24 of The Dungeons of Doom. On T:32427 you reached level 25 of The Dungeons of Doom. On T:32985 you reached level 26 of The Dungeons of Doom. On T:33351 you reached level 27 of The Dungeons of Doom. On T:36958 you advanced to experience level 13. On T:43683 you advanced to experience level 14. On T:44302 you embarked upon an epic quest. On T:44351 you reached level 2 of The Quest. On T:44605 you reached level 3 of The Quest. On T:45013 you reached level 4 of The Quest. On T:45354 you reached level 5 of The Quest. On T:45691 you reached level 6 of The Quest. On T:47811 you reached level 28 of The Dungeons of Doom. On T:47813 you killed Medusa on level 28 of The Dungeons of Doom. On T:48971 you received Trollsbane from Venus. On T:49641 you wished for "magic marker". On T:50946 you reached The Castle. On T:51572 you advanced to experience level 15. On T:51573 you advanced to experience level 16. On T:51717 you reached The Valley of the Dead. On T:53517 you advanced to experience level 17. On T:54499 you advanced to experience level 18. On T:54944 you advanced to experience level 19. On T:55496 you wished for "blessed +2 shield of reflection". On T:55521 you wished for "magic marker". On T:55996 you wished for "magic marker". On T:56093 you reached level 2 of Gehennom. On T:57688 you reached level 3 of Gehennom. On T:58366 you reached level 4 of Gehennom. On T:58605 you reached level 5 of Gehennom. On T:59576 you reached level 6 of Gehennom. On T:59908 you reached level 7 of Gehennom. On T:60459 you reached level 8 of Gehennom. On T:61084 you reached level 9 of Gehennom. On T:61776 you reached level 10 of Gehennom. On T:62705 you reached level 12 of Gehennom. On T:62753 you reached level 11 of Gehennom. On T:62934 you killed Orcus on level 10 of Gehennom. On T:63541 you wished for "blessed fireproof +2 shirt". On T:65066 you reached level 13 of Gehennom. On T:65385 you reached level 3 of Vlad's Tower. On T:65484 you reached level 2 of Vlad's Tower. On T:65601 you reached level 1 of Vlad's Tower. On T:65629 you killed Vlad the Impaler on level 1 of Vlad's Tower. On T:65855 you wished for "magic marker". On T:66213 you reached level 14 of Gehennom. On T:66404 you reached level 15 of Gehennom. On T:66830 you reached level 16 of Gehennom. On T:67594 you reached level 17 of Gehennom. On T:68422 you reached level 18 of Gehennom. On T:68990 you reached level 19 of Gehennom. On T:69211 you advanced to experience level 20. On T:69487 you reached level 20 of Gehennom. On T:70347 you reached level 21 of Gehennom. On T:70839 you reached level 23 of Gehennom. On T:71561 you advanced to experience level 21. On T:74150 you wished for "magic marker". On T:74162 you wished for "blessed rustproof +2 magicbane". On T:74163 you wished for "blessed rustproof + 2 Magicbane". On T:74202 you wished for "3 potion of holy water". On T:74600 you killed Wizard of Yendor on level 14 of Gehennom. On T:74617 you performed the invocation. On T:74708 you advanced to experience level 22. On T:74921 you killed high priest of Moloch on level 24 of Gehennom. On T:74923 you gained the Amulet of Yendor! On T:74929 you advanced to experience level 23. On T:74930 you advanced to experience level 24. On T:75574 you killed Wizard of Yendor in The Valley of the Dead. On T:75691 you killed Wizard of Yendor in The Castle. On T:76208 you reached the Plane of Earth. On T:76209 you killed Wizard of Yendor on the Plane of Earth. On T:76286 you reached the Plane of Air. On T:76345 you reached the Plane of Fire. On T:76393 you killed Wizard of Yendor on the Plane of Fire. On T:76405 you reached the Plane of Water. On T:76455 you reached the Astral Plane. On T:76461 you killed Pestilence on the Astral Plane. On T:76465 you wished for "blessed Cockatrice corpse". On T:76479 you were saved from death by your amulet of life saving! Score breakdown: Gold: 0 ( 0 points) Experience: 24 levels (26716 points) Exploration: 53 levels (100.00%) (30000 points) Discoveries: 99 items ( 33.11%) (17262 points) Valuables value: (no points given unless you survive) Artifact value: 7500 (13181 points) Variety of kills: 290 monsters ( 76.12%) (26173 points) Turncount: 76482 turns (-5384 points) Survival: died (score multiplied by 80%) Total score: 86358 Latest messages: Hello dweller, the gnomish Ranger, welcome back to NetHack! You drop an uncursed scroll of scare monster. Pestilence reaches out, and you feel fever and chills. You feel much worse. Pestilence touches you! The priest of Mars swings his mace. The priest of Mars hits! The priest of Mars misses. The priest of Mars casts a spell at you! Scales cover your eyes! The priestess of Moloch misses. The priestess of Moloch just misses! You hear a mumbled curse. The priestess of Moloch hits! The priestess of Moloch misses. The priestess of Moloch casts a spell at you! A pillar of fire strikes all around you! You die... Final status: Goodbye dweller the Ranger, killed by a priestess of Moloch (with the Amulet)... You died in The Astral Plane with 86358 points, and 0 pieces of gold, after 76482 moves. You were level 24 with a maximum of 245 hit points when you died.